 Dungeon Crawl Stone Soup version 0.31-a0-1308-ga3cce3a448 (webtiles) character file.

Game seed: 12862365437778705371

156 grandjackal the Ducker (level 5, -2/41 HPs)
             Began as a Demonspawn Gladiator on Dec 20, 2023.
             Killed themself with a badly aimed iceblast (23 damage)
             ... on level 4 of the Dungeon.
             The game lasted 00:03:20 (2699 turns).

grandjackal the Ducker (Demonspawn Gladiator)       Turns: 2699, Time: 00:03:20

Health: -2/41      AC:  4    Str: 14    XL:     5   Next: 14%
Magic:  5/5        EV: 10    Int:  9    God:
Gold:   214        SH:  4    Dex: 16    Spells: 4/4 levels left

rFire   . . .        a - +0 long sword
rCold   . . .        (no shield)
rNeg    . . .        k - +0 scale mail
rPois   .            c - +0 helmet
rElec   .            (no cloak)
rCorr   .            (no gloves)
SInv    .            y - +0 pair of boots
Will    .....        (no amulet) Stlth
                     (no ring)
HPRegen 0.26/turn    (no ring)
MPRegen 0.09/turn

%: no passive effects
@: corroded
A: foul stench 1, icemail 1, condensation shield
a: no special abilities


You were on level 4 of the Dungeon.
You visited 1 branch of the dungeon, and saw 4 of its levels.

You collected 214 gold pieces.

Inventory:

Hand Weapons
 a - a +0 long sword (weapon)
 s - a +3 dagger
Missiles
 d - 3 throwing nets (quivered)
 e - a javelin
Armour
 c - a +0 helmet (worn)
 k - a +0 scale mail (worn)
 y - a +0 pair of boots (worn)
Jewellery
 w - a ring of fire
Wands
 q - a wand of iceblast (6)
Scrolls
 b - a scroll of silence {unknown}
 g - a scroll of vulnerability {unknown}
 h - a scroll of amnesia {unknown}
 i - a scroll of noise {unknown}
 j - a scroll of identify {unknown}
 o - a scroll of fog {unknown}
 p - 2 scrolls of fear {unknown}
 r - a scroll of poison {unknown}
 u - a scroll of immolation {unknown}
 v - a scroll of enchant weapon {unknown}
Potions
 f - 2 potions of invisibility {unknown}
 l - 2 potions of haste {unknown}
 m - a potion of curing {unknown}
 n - 3 potions of heal wounds {unknown}
 t - a potion of degeneration {unknown}
 x - a potion of mutation {unknown}


   Skills:
 + Level 3.5 Fighting
 + Level 3.6 Long Blades
 - Level 2.0 Throwing
 + Level 3.7 Dodging


You had 4 spell levels left.
You didn't know any spells.
Your spell library contained the following spells:

 Spells                   Type           Power      Damage    Failure   Level
 Foxfire                  Conj/Fire      0%         2x1d4     88%         1
 Slow                     Hex            0%         N/A       88%         1
 Lesser Beckoning         Tloc           0%         N/A       95%         2
 Sublimation of Blood     Necr           0%         N/A       95%         2
 Wereblood                Tmut           0%         N/A       95%         2
 Confusing Touch          Hex            0%         N/A       99%         3
 Gell's Gravitas          Tloc           0%         N/A       99%         3
 Sigil of Binding         Hex            0%         N/A       99%         3
 Teleport Other           Tloc           0%         N/A       99%         3
 Vampiric Draining        Necr           0%         2d6       99%         3
 Volatile Blastmotes      Fire/Tloc      0%         2d10      99%         3
 Fulminant Prism          Conj/Hex       0%         3d5       100%        4
 Iskenderun's Mystic Bla  Conj/Tloc      0%         2d3       100%        4
 Plasma Beam              Fire/Air       0%         2x1d10    100%        6
 Starburst                Conj/Fire      0%         6d3       100%        6
 Summon Hydra             Summ           0%         N/A       100%        7


Dungeon Overview and Level Annotations

Branches:
Dungeon (4/15)
 Temple: D:4-7

Altars:
Dithmenos

Shops:
D:2 ([[

Annotations:
D:3 2 transporters, sampeng1's ghost, amateur HuFi


Innate Abilities, Weirdness & Mutations

You may rarely emit foul miasma when damaged in melee.
A meltable icy envelope protects you from harm. (AC +4)
A meltable shield of frost defends you. (SH +4)


Message History

You now have enough gold to buy a pitted scimitar on D:2.
You can access your shopping list by pressing '$'.
You now have 193 gold pieces (gained 10).
You now have 206 gold pieces (gained 13).
Found a stone staircase leading down.
n - 3 murky yellow potions (gained 1)
Found 9 stones.
You now have 214 gold pieces (gained 8).
A jelly comes into view.
Found a book of the Tundra.
You hit the jelly.
Your hands burn!
The jelly is lightly wounded.
The jelly hits you but does no damage.
You hit the jelly.
Your hands burn!
The jelly is moderately wounded.
You block the jelly's attack. The jelly barely misses you.
You hit the jelly.
Your hands burn!
The jelly is moderately wounded.
The jelly completely misses you.
You completely miss the jelly.
The jelly is moderately wounded.
The jelly hits you but does no damage.
You hit the jelly. The acid corrodes you!
Your hands burn!
The jelly is heavily wounded.
The jelly hits you but does no damage.
You hit the jelly but do no damage.
Your hands burn!
The jelly is heavily wounded.
The jelly completely misses you. The jelly hits you but does no damage.
The jelly attacks as it pursues you! The jelly closely misses you.
The jelly attacks as it pursues you! The jelly hits you but does no damage.
The jelly attacks as it pursues you! The jelly hits you. The acid corrodes you!
You are splashed with acid.
Aiming: Iceblast
Press: ? - help, Shift-Dir - straight line, f - jelly
Aim: a jelly (heavily wounded)
The mass of ice explodes!
The iceblast engulfs the jelly!!
You kill the jelly!
The iceblast engulfs you!!
Ouch! That really hurt!
You die...

#### ...#### ......# ##(##.#
######### #.##.# ........#
#..#.###############.#####.#
###.............@............
......###############.######.
.##.### #.# ......# #######.#
....#.## ........# ........
........# ........ .........
##...### :......... ###..##
...........


There were no monsters in sight!

Vanquished Creatures
  A jelly (D:4)
  Jessica (D:2)
  An iguana (D:4)
  Robin (D:3)
  2 adders
  2 dart slugs
  8 ball pythons
  4 endoplasms
  2 giant cockroaches (D:3)
  4 hobgoblins
  3 jackals (D:3)
  3 quokkas
  5 bats
  6 frilled lizards
  15 goblins
  8 kobolds
  4 rats
70 creatures vanquished.

Notes
Turn   | Place    | Note
-------+----------+-------------------------------------------
     0 | D:1      | grandjackal the Demonspawn Gladiator began the quest for
                  | the Orb.
     0 | D:1      | Reached XP level 1. HP: 16/16 MP: 1/1
    70 | D:1      | Found a faded altar of an unknown god.
   205 | D:1      | Gained mutation: A meltable shield of frost defends you.
                  | (SH +4) [demonic ancestry]
   205 | D:1      | Reached XP level 2. HP: 18/22 MP: 2/2
   792 | D:2      | Found Buas's Antique Weapon Boutique.
   857 | D:2      | Found Xawnuuq's Book Shoppe.
   865 | D:2      | Found Bowiarche's Antique Armour Shop.
   985 | D:2      | Gained mutation: A meltable icy envelope protects you from
                  | harm. (AC +4) [demonic ancestry]
   985 | D:2      | Reached XP level 3. HP: 27/28 MP: 3/3
  1042 | D:2      | Noticed Jessica
  1054 | D:2      | Killed Jessica
  1167 | D:2      | Found Naumol's Armour Shop.
  1303 | D:2      | Gained mutation: You may rarely emit foul miasma when
                  | damaged in melee. [demonic ancestry]
  1303 | D:2      | Reached XP level 4. HP: 34/34 MP: 4/4
  1695 | D:3      | Found a shadowy altar of Dithmenos.
  1779 | D:3      | Found a transporter.
  1786 | D:3      | Noticed sampeng1's ghost (amateur HuFi)
  1820 | D:3      | Found a transporter.
  1972 | D:3      | Identified the +0 buckler of Prudence {*Slow rElec rPois
                  | Dex-2}
  2021 | D:3      | Noticed Robin
  2155 | D:3      | Killed Robin
  2513 | D:4      | Reached XP level 5. HP: 36/41 MP: 5/5
  2699 | D:4      | Killed themself with a badly aimed iceblast

Illustrated notes

Levels and vault maps discovered:
D:1:      eino_arrival_tree_alley, layout_basic, basic_ecumenical_altar,
          minmay_misc_feat_alley, chequers_serial_rivers_large_a
D:2:      layout_basic, serial_shops, nicolae_shop_tiny_waterfront,
          nicolae_shop_competitors_out_of_business, nicolae_shop_waterfront,
          shop, uniq_jessica
D:3:      layout_rooms, nicolae_dithmenos_through_a_glass_darkly,
          gammafunk_ghost_stat_death, uniq_robin
D:4:      layout_basic, lemuel_tele_altar, gammafunk_ghost_grave,
          interstate_on_off

Skill      XL: |  1  2  3  4 |
---------------+-------------+-----
Throwing       | 2 |  2.0
Dodging        | 3 |  3.7
Long Blades    | 3 |  3.6
Fighting       | 3 |  3.5

Action                     |  1- 3 |  4- 6 || total
---------------------------+-------+-------++-------
  Melee: Long sword        |    74 |    99 ||   173
         Punch             |     2 |       ||     2
   Stab: Sleeping          |     2 |       ||     2
 Armour: Leather armour    |    25 |       ||    25
         Scale mail        |    11 |   105 ||   116
  Dodge: Dodged            |    38 |    85 ||   123
  Block: Other             |     7 |    17 ||    24

Table legend: (Time is in decaauts)
 A = Elapsed time spent in this place.
 B = Non-inter-level travel time spent in this place.
 C = Inter-level travel time spent in this place.
 D = Time resting spent in this place.
 E = Time spent auto-exploring this place.
 F = Levels seen in this place.
 G = Mean time per level.
                   A        B        C        D        E       F      G
               +--------+--------+--------+--------+--------+-----+--------+
         Total |   2749 |   2605 |    144 |    149 |   1921 |   4 |  687.2 |
       Dungeon |   2749 |   2605 |    144 |    149 |   1921 |   4 |  687.2 |
               +--------+--------+--------+--------+--------+-----+--------+

Top non-repeatable levels by time:
     D:2: 877 daAuts
     D:1: 810 daAuts
     D:3: 646 daAuts
     D:4: 415 daAuts
